Map: Lerilak Crest

Players

LilDicky - Winner!

  • Race: Terran Terran
  • League: Diamond

MellonTiger

  • Race: Zerg Zerg
  • League: Diamond

VOD

http://www.twitch.tv/tumescentpie

Description

Time

  • Played on: Jan. 1, 2016, 6:54 p.m.
  • Length: 23:35
Show
View Real Time Build Order
Export as new Build Order

LilDicky Terran - Winner!

Build Orders: Mech 

Get SALT Encoding   

  12  0:01  SCV  
  13  0:13  SCV  
  14  0:17  Supply Depot  
  14  0:25  SCV  
  15  0:39  SCV  
  16  0:45  Barracks  
  16  0:51  SCV  
  17  1:03  SCV  
  18  1:17  Command Center  
  18  1:20  SCV  
  19  1:32  SCV, Marine  
  21  1:35  Supply Depot  
  21  1:44  SCV  
  22  1:49  Marine  
  23  2:00  Orbital Command  
  23  2:07  Marine  
  24  2:22  Command Center  
  24  2:25  Marine  
  25  2:33  Orbital Command  
  25  2:35  SCV  
  26  2:43  Marine  
  27  2:54  SCV  
  27  2:58  Refinery x2  
  27  2:59  SCV  
  27  3:01  Marine  
  29  3:06  SCV  
  29  3:11  SCV  
  31  3:23  Command Center  
  31  3:24  Engineering Bay  
  31  3:28  SCV  
  31  3:30  SCV  
  33  3:43  Supply Depot, SCV  
  33  3:44  SCV, Marine  
  36  3:56  SCV x2  
  36  4:00  Hi-Sec Auto Tracking  
  38  4:07  Refinery  
  38  4:08  SCV  
  38  4:09  Refinery  
  39  4:13  Planetary Fortress  
  39  4:17  SCV, Supply Depot  
  39  4:18  Marine  
  39  4:22  SCV  
  42  4:29  SCV  
  43  4:34  SCV  
  43  4:37  Command Center, Orbital Command  
  44  4:41  SCV  
  45  4:46  SCV  
  45  4:48  Supply Depot  
  46  4:53  SCV  
  46  4:57  SCV, Factory  
  46  4:58  SCV  
  49  5:05  SCV, Missile Turret x2  
  50  5:07  Marine  
  50  5:14  Supply Depot  
  51  5:16  SCV  
  51  5:17  Missile Turret  
  51  5:19  SCV  
  51  5:21  SCV x2  
  55  5:28  SCV  
  56  5:31  SCV, Marine  
  56  5:34  SCV  
  59  5:42  Supply Depot  
  59  5:43  SCV x2  
  59  5:44  SCV, Supply Depot  
  59  5:45  Factory Tech Lab, Refinery  
  59  5:46  SCV, Refinery  
  63  6:02  Building Armor  
  63  6:08  Planetary Fortress  
  63  6:13  Command Center  
  63  6:19  Missile Turret  
  63  6:20  Missile Turret x3  
  63  6:25  SCV  
  63  6:26  SCV x2  
  63  6:27  SCV  
  63  6:28  Siege Tank  
  70  6:32  Orbital Command  
  70  6:38  SCV  
  71  6:41  SCV, Factory  
  71  6:43  Factory  
  71  6:45  SCV x2  
  71  6:46  Armory  
  74  6:48  Armory  
  74  6:50  SCV  
  74  6:53  SCV  
  76  6:57  SCV x2  
  76  7:00  Siege Tank  
  79  7:15  SCV  
  75  7:32  Siege Tank  
  77  8:02  Factory Tech Lab x2  
  77  8:04  Siege Tank, Missile Turret  
  80  8:22  Missile Turret x2  
  80  8:23  Missile Turret  
  80  8:27  Planetary Fortress  
  80  8:31  SCV  
  80  8:32  SCV x4  
  85  8:35  Marine  
  85  8:36  Siege Tank  
  86  8:44  SCV x2  
  86  8:47  Thor  
  86  8:48  Thor  
  99  8:53  Missile Turret x2, Marine  
  99  8:54  Missile Turret  
  97  8:57  Missile Turret  
  96  9:05  Terran Vehicle And Ship Armor Level 1, Terran Ship Weapons Level 1  
  96  9:08  Thor  
  101  9:10  Starport  
  101  9:11  Starport, Marine  
  102  9:19  Missile Turret  
  102  9:22  Starport  
  102  9:25  Starport  
  102  9:30  Thor x2  
  114  9:39  Command Center  
  114  9:44  Missile Turret  
  114  9:49  Starport Reactor  
  114  9:50  Starport Tech Lab  
  114  9:51  Thor, Fusion Core  
  120  9:59  Missile Turret x2  
  120  10:01  Missile Turret  
  120  10:05  Missile Turret x2  
  116  10:13  Thor x2  
  123  10:18  Command Center  
  123  10:19  Missile Turret  
  123  10:20  Missile Turret  
  123  10:21  Missile Turret  
  123  10:23  Missile Turret  
  123  10:24  Liberator x2  
  123  10:25  Liberator  
  123  10:28  Refinery  
  123  10:34  Siege Tank  
  126  10:37  Missile Turret  
  126  10:38  Missile Turret  
  126  10:39  Advanced Ballistics  
  126  10:41  Command Center  
  135  10:45  SCV x2, Refinery  
  137  10:51  Orbital Command  
  135  11:03  Siege Tank  
  135  11:04  Siege Tank  
  141  11:10  Starport Reactor x2  
  141  11:18  Factory  
  141  11:20  Terran Ship Weapons Level 2, Terran Vehicle And Ship Armor Level 2  
  141  11:25  Factory, Liberator  
  141  11:35  Planetary Fortress  
  141  11:37  Missile Turret  
  141  11:43  Banshee  
  141  11:44  Missile Turret  
  146  11:57  Cloaking Field  
  140  12:10  Thor  
  140  12:11  Thor  
  140  12:12  Factory Tech Lab  
  140  12:13  Factory Tech Lab  
  137  12:23  Hellion  
  136  12:44  Hellion  
  138  12:52  Infernal Pre-Igniter  
  138  12:54  Siege Tank  
  139  13:07  Liberator x4  
  139  13:14  Factory Tech Lab x2  
  139  13:16  Missile Turret  
  139  13:20  Behemoth Reactor  
  139  13:23  Armory  
  151  13:27  Missile Turret  
  151  13:37  Planetary Fortress  
  142  14:03  Command Center  
  142  14:09  SCV x3  
  145  14:10  SCV x3  
  148  14:21  SCV  
  80  14:57  Thor x5  
  110  15:07  Liberator x2  
  110  15:25  Banshee  
  119  15:31  Refinery  
  119  15:32  Refinery  
  119  15:35  Command Center  
  119  15:40  Hellion x4, Liberator x2  
  119  15:41  Hellion  
  129  15:48  Weapon Refit  
  129  15:54  Command Center  
  129  16:01  Hellion  
  129  16:02  Command Center, Hellion x4  
  143  16:23  Hellion x2  
  114  16:59  Viking x2  
  114  17:00  Viking x5  
  107  17:19  Thor x3  
  107  17:21  Hellion x2  
  109  17:29  Viking x2  
  113  17:42  Hellion x2  
  115  17:46  Missile Turret  
  115  17:48  Liberator  
  111  18:02  Hellion  
  111  18:03  Hellion x4  
  124  18:14  Planetary Fortress  
  124  18:16  Command Center  
  124  18:17  Missile Turret  
  124  18:18  Missile Turret  
  121  18:22  Missile Turret  
  121  18:24  Hellion  
  121  18:32  Thor x2  
  130  19:21  Refinery  
  130  19:22  Command Center  
  128  19:26  Refinery  
  89  19:39  Terran Vehicle And Ship Armor Level 3  
  89  19:42  Liberator  
  74  20:41  Planetary Fortress  
  74  20:47  SCV  
  74  20:59  Refinery x2  
  74  21:06  Hellion  
  74  21:07  Hellion x4  
  74  21:28  Hellion x5  
Show
View Real Time Build Order
Export as new Build Order

MellonTiger Zerg 

Build Orders: Hatch First, Lurkers 

Get SALT Encoding   

  12  0:01  Drone  
  13  0:12  Overlord  
  13  0:17  Drone  
  14  0:31  Drone x2  
  16  0:37  Drone  
  17  0:45  Drone  
  18  1:01  Hatchery  
  17  1:07  Drone  
  18  1:14  Spawning Pool  
  18  1:16  Drone  
  18  1:38  Hatchery  
  17  1:42  Extractor  
  17  1:43  Drone  
  17  1:45  Drone  
  18  1:48  Drone  
  19  2:01  Queen  
  21  2:12  Queen  
  21  2:13  Drone  
  24  2:16  Zergling x2  
  24  2:19  Drone  
  26  2:25  Overlord  
  26  2:36  Queen  
  28  2:52  Queen  
  28  2:57  Drone x4  
  34  3:02  Metabolic Boost  
  34  3:10  Drone x2  
  36  3:16  Drone x2  
  36  3:17  Drone  
  39  3:22  Overlord  
  38  3:38  Drone x3, Extractor  
  40  3:44  Drone  
  40  3:45  Drone x2  
  40  3:47  Drone x2  
  45  3:56  Roach Warren, Drone  
  45  4:04  Lair  
  45  4:06  Drone x3  
  45  4:07  Drone  
  49  4:10  Overlord  
  49  4:25  Overlord  
  49  4:28  Drone x4  
  49  4:29  Drone  
  49  4:30  Overlord  
  54  4:36  Roach  
  56  4:40  Evolution Chamber, Overlord  
  56  4:42  Roach  
  56  4:43  Roach x3  
  56  4:44  Roach  
  65  4:47  Evolution Chamber  
  64  4:55  Extractor  
  64  4:56  Drone, Extractor  
  64  4:57  Drone x4  
  67  5:05  Drone  
  67  5:06  Drone x2  
  70  5:08  Zerg Ground Armor Level 1  
  70  5:11  Glial Reconstitution  
  70  5:14  Zerg Missile Weapons Level 1  
  70  5:19  Drone  
  70  5:20  Drone x3  
  74  5:24  Overlord  
  74  5:25  Overlord  
  74  5:39  Drone x2  
  74  5:41  Drone, Extractor  
  74  5:42  Drone x2, Roach  
  82  5:43  Roach x6, Extractor  
  82  5:44  Overlord  
  91  5:54  Ravager x2  
  91  5:55  Ravager  
  94  6:04  Drone x2  
  96  6:11  Drone  
  96  6:12  Drone x3  
  96  6:13  Hydralisk Den  
  99  6:23  Drone x2  
  99  6:24  Drone x2, Spire  
  99  6:25  Drone  
  103  6:29  Roach  
  105  6:33  Overlord  
  105  6:34  Overlord  
  105  6:51  Hatchery  
  104  6:59  Hydralisk, Muscular Augments  
  104  7:00  Hydralisk x7  
  120  7:10  Infestation Pit  
  120  7:13  Zerg Ground Armor Level 2  
  101  7:50  Mutalisk x6  
  106  7:57  Drone x7  
  106  7:58  Drone  
  111  8:05  Queen  
  108  8:12  Zerg Flyer Weapons Level 1  
  110  8:14  Extractor  
  110  8:17  Extractor  
  108  8:22  Mutalisk x3  
  112  8:45  Mutalisk x5  
  116  9:10  Hive  
  116  9:13  Zerg Melee Weapons Level 1  
  116  9:14  Lurker Den  
  102  9:31  Mutalisk  
  102  9:32  Mutalisk  
  102  9:33  Zergling x6  
  102  9:34  Zergling x8  
  102  9:35  Roach  
  102  9:36  Roach x6  
  127  10:01  Hatchery  
  118  10:12  Mutalisk  
  118  10:13  Roach x5  
  112  10:19  Hydralisk x3  
  112  10:20  Hydralisk x7  
  127  10:21  Overlord  
  127  10:22  Overlord x2  
  127  10:37  Zerg Ground Armor Level 3  
  127  10:40  Ultralisk Cavern  
  126  10:46  Adrenal Glands  
  126  10:48  Zergling x2  
  127  10:50  Zergling x38  
  142  11:01  Lurker  
  142  11:02  Lurker x4  
  142  11:03  Lurker  
  144  11:10  Greater Spire  
  144  11:12  Drone x3  
  144  11:13  Drone x3, Queen  
  144  11:14  Overlord x4  
  152  11:40  Extractor  
  152  11:45  Extractor  
  99  12:25  Drone x2  
  99  12:29  Zerg Melee Weapons Level 2  
  96  12:30  Chitinous Plating  
  96  12:31  Ultralisk  
  96  12:32  Ultralisk x6  
  96  12:33  Zergling x32  
  151  12:41  Zerg Flyer Weapons Level 2  
  151  12:42  Corruptor  
  152  12:49  Hatchery  
  145  13:06  Ultralisk  
  145  13:07  Ultralisk x2, Overlord, Corruptor, Zergling x2  
  166  13:14  Hydralisk x3  
  166  13:15  Hydralisk  
  166  13:19  Zerg Missile Weapons Level 2  
  174  13:34  Hatchery  
  174  13:37  Ultralisk x2  
  169  13:49  Zergling x28  
  169  13:50  Ultralisk  
  169  13:51  Ultralisk  
  192  13:57  Corruptor  
  192  13:58  Corruptor  
  194  14:06  Pathogen Glands  
  194  14:22  Corruptor  
  194  14:23  Zergling x8  
  197  14:37  Corruptor x3, Zergling x2  
  197  14:38  Corruptor  
  153  14:45  Corruptor  
  153  14:46  Corruptor x4  
  153  14:48  Zergling x10  
  150  14:57  Queen  
  152  15:00  Extractor  
  152  15:03  Hydralisk x4  
  149  15:29  Hydralisk x6  
  161  15:46  Extractor  
  161  15:48  Zerg Missile Weapons Level 3  
  161  15:49  Extractor  
  159  15:52  Zerg Melee Weapons Level 3, Hydralisk x3  
  159  15:53  Hydralisk x6  
  159  15:54  Zergling x2  
  178  16:05  Brood Lord x2  
  178  16:08  Brood Lord  
  169  16:33  Hydralisk x9  
  169  16:35  Overseer  
  171  16:43  Hydralisk  
  125  16:48  Zergling x2  
  114  17:06  Corruptor  
  114  17:07  Corruptor, Hydralisk x2  
  114  17:08  Roach  
  120  17:09  Zergling x2  
  112  17:20  Hydralisk  
  114  17:27  Drone x2  
  114  17:28  Extractor  
  109  17:49  Zergling x2  
  109  17:50  Zergling x20  
  104  18:04  Zergling x2  
  89  18:18  Corruptor x3  
  89  18:19  Corruptor x2  
  85  18:27  Hatchery  
  81  19:01  Corruptor x3  
  87  19:03  Drone x2  
  89  19:10  Zerg Flyer Armor Level 1  
  89  19:23  Hydralisk  
  89  19:24  Hydralisk x2  
  73  19:36  Hydralisk x2  
Tags
 
Add a new tag
Caveats
  • Supply blocks, unpowered buildings, or Contaminate may cause inaccurate times.
  • Supply counts are checked every 10 seconds.